 Dungeon Crawl Stone Soup version 0.26-a0-487-gbff1e92059 (webtiles) character file.

Game seed: 3785805380732523387

13081 KristoblXynda the Nimble (level 11, -1/73 (75) HPs)
             Began as a Vampire Berserker on Aug 2, 2020.
             Was a High Priest of Trog.
             Slain by a deep elf knight
             ... wielding a +0 trident
              (10 damage)
             ... on level 11 of the Dungeon.
             The game lasted 00:21:58 (10204 turns).

KristoblXynda the Nimble (Vampire Berserker)       Turns: 10204, Time: 00:21:59

HP:   -1/73 (75)    AC: 14    Str: 24    XL:     11   Next: 70%
MP:   0/11          EV: 22    Int: 11    God:    Trog [*****.]
Gold: 1472          SH:  0    Dex: 14    Spells: 10/10 levels left

rFire    . . .     SeeInvis +   b - +6 scimitar (vorpal)
rCold    . . .     Faith    .   (no shield)
rNeg     . . .     Spirit   +   w - +0 ring mail
rPois    .         Reflect  .   p - +1 helmet
rElec    .         Harm     .   d - +1 cloak
rCorr    .                      o - +2 pair of gloves
MR       +....                  (no boots)
Stlth    ++++......             H - amulet of guardian spirit
HPRegen  0.42/turn              r - +4 ring of evasion
MPRegen  0.12/turn              h - +6 ring of strength

@: berserk cooldown, regenerating quickly, slowed, very slow
A: fangs 3, see invisible, unbreathing
a: Exsanguinate, Berserk, Trog's Hand, Brothers in Arms, Renounce Religion


You were on level 11 of the Dungeon.
You worshipped Trog.
Trog was extremely pleased with you.
You visited 2 branches of the dungeon, and saw 12 of its levels.
You also visited: Bailey.

You collected 1472 gold pieces.

Inventory:

Hand Weapons
 b - a +6 vorpal scimitar (weapon)
 D - a +2 triple sword
 K - a +2 vorpal scimitar
Armour
 d - a +1 cloak (worn)
 f - a +2 chain mail of poison resistance
 o - a +2 pair of gloves (worn)
 p - a +1 helmet (worn)
 w - a +0 ring mail (worn)
 L - a +0 buckler
Jewellery
 e - an uncursed ring of ice
 h - a +6 ring of strength (right hand)
 n - a +6 ring of intelligence
 r - a +4 ring of evasion (left hand)
 G - an uncursed ring of magical power
 H - an amulet of guardian spirit (around neck)
Wands
 l - a wand of digging (2)
 v - a wand of paralysis (23)
Scrolls
 a - a scroll of fog
 g - 9 scrolls of remove curse
 m - 4 scrolls of teleportation
 B - a scroll of enchant armour
 E - 2 scrolls of holy word
 I - 2 scrolls of magic mapping
Potions
 c - 5 potions of stabbing
 i - a potion of might {unknown}
 j - 2 potions of flight
 k - 3 potions of heal wounds
 q - 4 potions of magic
 u - 3 potions of berserk rage
 x - 6 potions of curing
 z - a potion of haste {unknown}
 A - 2 potions of ambrosia
 C - a potion of lignification {unknown}
 F - 2 potions of brilliance {unknown}


   Skills:
 - Level 3.0 Fighting
 + Level 10.4 Long Blades
 + Level 8.2 Armour
 + Level 10.6 Dodging
 - Level 10.1 Stealth
 + Level 5.2 Evocations


You had 10 spell levels left.
You didn't know any spells.
Your spell library contained the following spells:

 Spells                   Type           Power        Failure   Level
 Beastly Appendage        Tmut           #.....       45%         1
 Corona                   Hex            #......      45%         1
 Magic Dart               Conj           #...         45%         1
 Summon Small Mammal      Summ           #...         45%         1
 Blink                    Tloc           N/A          61%         2
 Call Imp                 Summ           #.......     61%         2
 Slow                     Hex            #.......     61%         2
 Wereblood                Tmut           #.......     61%         2
 Call Canine Familiar     Summ           #.......     83%         3
 Confusing Touch          Hex            #.......     83%         3
 Conjure Flame            Conj/Fire      #.......     83%         3
 Gell's Gravitas          Tloc           #.........   83%         3
 Inner Flame              Hex/Fire       #.......     83%         3
 Mephitic Cloud           Conj/Pois/Air  #.......     83%         3
 Portal Projectile        Hex/Tloc       #.....       83%         3
 Spider Form              Tmut/Pois      #.........   83%         3
 Summon Guardian Golem    Hex/Summ       #.......     83%         3
 Cause Fear               Hex            #.........   99%         4
 Ice Form                 Ice/Tmut       #.......     99%         4
 Leda's Liquefaction      Hex/Erth       #.........   99%         4
 Petrify                  Tmut/Erth      #.......     99%         4
 Summon Ice Beast         Ice/Summ       #.......     99%         4
 Summon Lightning Spire   Summ/Air       #.......     99%         4
 Blade Hands              Tmut           #.........   100%        5
 Metabolic Englaciation   Hex/Ice        #.........   100%        5
 Yara's Violent Unravell  Hex/Tmut       #.........   100%        5


Dungeon Overview and Level Annotations

Branches:
Dungeon (11/15)            Temple (1/1) D:7            Lair (0/6) D:11
    Orc (0/2) D:11         Bailey (visited)

Altars:
Ashenzari
Cheibriados
Dithmenos
Elyvilon
Fedhas
Gozag
Hepliaklqana
Kikubaaqudgha
Makhleb
Nemelex Xobeh
Okawaru
Qazlal
Ru
Sif Muna
Trog
Uskayaw
Vehumet
Wu Jian
Xom
Yredelemnul
Zin
The Shining One

Shops:
D:5 (


Innate Abilities, Weirdness & Mutations

Your natural rate of healing is unusually fast.
You have razor-sharp teeth.
You have supernaturally acute eyesight. (SInv)
You can survive without breathing.


Message History

You are no longer berserk.
You are exhausted.
You feel yourself slow down.
There is an open door here.
As you read the scroll of fear, it crumbles to dust.
You assume a fearsome visage.
The orc warrior looks frightened!
The deep elf archer looks frightened!
The deep elf knight resists with almost no effort.
The orc warrior looks frightened!
The komodo dragon looks frightened!
The orc warrior mutters, "Damn and blast!"
The deep elf archer blinks!
Cornered, the orc warrior turns to fight!
The deep elf knight points at you and mumbles some strange words.
The shard of ice hits you!!
* * * LOW HITPOINT WARNING * * *
As you read the scroll of fear, it crumbles to dust.
You assume a fearsome visage.
The orc warrior looks frightened!
The deep elf knight easily resists.
The deep elf knight hits you from afar with a +0 trident!
You die...

#..#[[#ee #...#
#..#..cc###o..## #..#
#.##.....##.# #..#
#(^...))....#
#..####o###8o8###'#
#..##((.((##e## #
#...#((.((#...# #
#.#.#######...# #
#...@.e.o###'###.....
#....................
#........#.#.#.#.....
#........)..........
#.................
###################


You could see a deep elf knight (invisible) and an orc warrior (fleeing).

Vanquished Creatures
  A centaur warrior (D:11)
  A two-headed ogre (D:10)
  2 orc knights (Bailey)
  2 ugly things
  A cyclops (D:11)
  A troll (D:11)
  A hornet (D:8)
  2 hippogriffs
  A wraith (D:11)
  5 yaks (D:11)
  Grum (D:9)
  A steam dragon (D:10)
  4 wargs (D:11)
  The ghost of Turbonekonecno the Stinger, an amateur OpVM (D:3)
  A water moccasin (D:10)
  4 ice beasts
  5 sky beasts
  12 orc warriors
  2 necrophages
  2 phantoms
  8 ogres
  3 centaurs
  4 wolves (D:9)
  3 bullfrogs
  3 scorpions
  7 wights
  9 killer bees
  5 howler monkeys
  2 vampire bats (D:4)
  A crimson imp (D:9)
  A bullfrog zombie (D:10)
  A quasit (D:8)
  4 hounds
  A jelly (D:8)
  23 orc wizards
  Crazy Yiuf (D:4)
  9 orc priests
  3 bullfrog skeletons
  3 centaur skeletons
  6 iguanas
  Jessica (D:2)
  9 worker ants
  A hound skeleton (D:11)
  10 adders
  12 gnolls
  A howler monkey skeleton (D:8)
  2 shadow imps
  4 white imps
  An ooze (D:3)
  4 adder skeletons
  A worm (D:5)
  5 dart slugs
  6 leopard geckos
  43 orcs
  4 ball pythons
  2 bat skeletons (D:4)
  4 bat zombies (D:4)
  2 giant cockroaches
  18 goblins
  19 hobgoblins
  7 jackals
  5 quokkas
  7 bats
  2 frilled lizards
  26 kobolds
  A quokka zombie (D:8)
  7 rats
351 creatures vanquished.

Vanquished Creatures (collateral kills)
  2 gnolls (Bailey)
  A goblin (Bailey)
3 creatures vanquished.

Vanquished Creatures (others)
  An orc wizard (D:4)
1 creature vanquished.

Grand Total: 355 creatures vanquished

Notes
Turn   | Place    | Note
-------+----------+-------------------------------------------
     0 | D:1      | KristoblXynda the Vampire Berserker began the quest for the
                  | Orb.
     0 | D:1      | Reached XP level 1. HP: 17/17 MP: 1/1
   151 | D:1      | Reached XP level 2. HP: 23/23 MP: 2/2
   581 | D:1      | Reached XP level 3. HP: 28/28 MP: 3/3
   803 | D:2      | Reached ** piety under Trog
   805 | D:2      | Noticed Jessica
   817 | D:2      | Killed Jessica
   973 | D:2      | Reached XP level 4. HP: 30/35 MP: 4/4
  1673 | D:2      | Reached XP level 5. HP: 41/41 MP: 5/5
  1811 | D:3      | Reached *** piety under Trog
  1878 | D:3      | Found a sacrificial altar of Ru.
  1918 | D:3      | Found a runed translucent door.
  1923 | D:3      | Noticed Turbonekonecno's ghost (amateur OpVM)
  1976 | D:3      | Killed Turbonekonecno's ghost
  1976 | D:3      | Reached skill level 5 in Long Blades
  1976 | D:3      | Reached XP level 6. HP: 47/47 MP: 6/6
  2426 | D:4      | Reached skill level 1 in Stealth
  2471 | D:4      | Reached XP level 7. HP: 52/52 MP: 7/7
  2495 | D:4      | Reached **** piety under Trog
  2752 | D:4      | Reached skill level 5 in Dodging
  3108 | D:4      | Found a shattered altar of Ashenzari.
  3148 | D:4      | Found a runed translucent door.
  3149 | D:4      | Noticed Crazy Yiuf
  3268 | D:4      | Found an ancient bone altar of Kikubaaqudgha.
  3362 | D:4      | Killed Crazy Yiuf
  3498 | D:5      | Entered Level 5 of the Dungeon
  3559 | D:5      | Reached XP level 8. HP: 58/58 MP: 8/8
  3633 | D:5      | Found Taanogg's Weapon Emporium.
  3715 | D:5      | Reached skill level 5 in Stealth
  4724 | D:6      | Reached skill level 5 in Armour
  4815 | D:6      | Reached XP level 9. HP: 32/63 MP: 9/9
  5053 | D:6      | Reached ***** piety under Trog
  5293 | D:6      | Found an iron altar of Okawaru.
  5293 | D:6      | Found a hide-covered altar of Uskayaw.
  5294 | D:6      | Found a glowing silver altar of Zin.
  5326 | D:7      | Found a staircase to the Ecumenical Temple.
  5511 | D:7      | Received a gift from Trog
  5573 | Temple   | Entered the Ecumenical Temple
  5993 | D:7      | Found a white marble altar of Elyvilon.
  6069 | D:7      | You fall into a shaft and drop 3 floors!
  6069 | D:10     | Entered Level 10 of the Dungeon
  6193 | D:10     | Noticed a two-headed ogre
  6206 | D:10     | Killed a two-headed ogre
  6206 | D:10     | Reached XP level 10. HP: 70/70 MP: 10/10
  6246 | D:10     | Noticed a brown ugly thing
  6270 | D:10     | Killed a brown ugly thing
  6270 | D:10     | Reached skill level 10 in Stealth
  6358 | D:10     | Reached skill level 1 in Evocations
  7229 | D:9      | Noticed Grum
  7275 | D:9      | Killed Grum
  7759 | D:8      | Found a flagged portal.
  7871 | Bailey   | Entered a bailey
  8199 | Bailey   | Noticed an orc knight
  8205 | Bailey   | Noticed an orc knight
  8207 | Bailey   | Received a gift from Trog
  8229 | Bailey   | Killed an orc knight
  8231 | Bailey   | Killed an orc knight
  8231 | Bailey   | Reached XP level 11. HP: 54/73 MP: 6/11
  8605 | D:8      | Found an iron altar of Okawaru.
  9209 | D:11     | Noticed a deep elf archer
  9209 | D:11     | Noticed a centaur warrior
  9211 | D:11     | Noticed a deep elf archer
  9211 | D:11     | Noticed a centaur warrior
  9216 | D:11     | Noticed a deep elf knight
  9390 | D:11     | Found a staircase to the Lair.
  9409 | D:11     | Reached skill level 10 in Dodging
  9548 | D:11     | Reached skill level 10 in Long Blades
  9602 | D:11     | Noticed a cyan ugly thing
  9610 | D:11     | Killed a cyan ugly thing
  9771 | D:11     | Found a staircase to the Orcish Mines.
 10151 | D:11     | Killed a centaur warrior
 10151 | D:11     | Reached skill level 5 in Evocations
 10161 | D:11     | Identified the +7 rapier of the Middle {elec, Str+3 Int+2}
 10171 | D:11     | Identified the +4 plate armour of the Pleiades {*Corrode
                  | rC++ Regen+ Int+4}
 10204 | D:11     | Slain by a deep elf knight

Illustrated notes

Levels and vault maps discovered:
D:1:      ebering_trefoil_3fold, layout_basic, serial_park_tiny_2
D:2:      cheibrodos_greedy_goblins, layout_basic,
          minmay_fractal_squares_gapless_5, uniq_jessica
D:3:      layout_rooms, lemuel_round_altar, ebering_ghost_reflecting_pool
D:4:      layout_loops_ring, kennysheep_vampire_church,
          cheibrodos_ashenzari_chains, uniq_crazy_yiuf_cottage
D:5:      layout_basic, serial_shops, shop_statue
D:6:      layout_basic, gammafunk_temple_overflow_claw
D:7:      layout_layer_cave, elyvilon_altar_3, minmay_temple_entry_stoned_glass
D:8:      layout_loops_ring, enter_bailey_2, okawaru_gym_becter
D:9:      layout_cave_pools, minmay_fire_ice_demons, uniq_grum
D:10:     layout_rooms
D:11:     evilmike_iron_armoury, layout_basic, erik_lair_orcish_takeover,
          david_orc_3, uniq_harold
Temple:   nicolae_temple_elliptical

Skill      XL: |  1  2  3  4  5  6  7  8  9 10 11 |
---------------+----------------------------------+-----
Fighting       | 3 |  3.0
Armour         | 2 3 4 5 6 7 8 |  8.2
Long Blades    | 4 5 6 7 8 9 10 | 10.4
Dodging        | 3 4 5 6 8 9 10 | 10.6
Stealth        | 1 4 7 9 10 | 10.1
Evocations     | 3 5 |  5.2

Action                   |  1- 3 |  4- 6 |  7- 9 | 10-12 || total
-------------------------+-------+-------+-------+-------++-------
Melee: Falchion          |    96 |   187 |   488 |   311 ||  1082
       Bite              |    11 |    26 |    85 |    91 ||   213
       Scimitar          |       |       |       |   193 ||   193
Invok: Berserk           |       |     2 |    11 |     5 ||    18
       Brothers in Arms  |       |       |       |     2 ||     2
Evoke: Wand              |       |       |       |     4 ||     4
  Use: Scroll            |       |     2 |    11 |    13 ||    26
       Potion            |       |       |       |     1 ||     1
 Stab: Sleeping          |       |     1 |     7 |     7 ||    15
       Paralysed         |       |       |       |     5 ||     5
       Distracted        |       |       |       |     1 ||     1
Armor: Animal skin       |    31 |       |       |       ||    31
       Leather armour    |    18 |    59 |       |       ||    77
       Ring mail         |       |     3 |   154 |   101 ||   258
Dodge: Dodged            |    80 |   145 |   525 |   523 ||  1273
       Rpst.: Falchion   |    26 |    51 |   171 |   102 ||   350
       Scimitar          |       |       |       |    42 ||    42

Table legend: (Time is in decaauts)
 A = Elapsed time spent in this place.
 B = Non-inter-level travel time spent in this place.
 C = Inter-level travel time spent in this place.
 D = Time resting spent in this place.
 E = Time spent auto-exploring this place.
 F = Levels seen in this place.
 G = Mean time per level.
                   A        B        C        D        E       F      G
               +--------+--------+--------+--------+--------+-----+--------+
         Total |  10279 |   9889 |    390 |   2287 |   4504 |  13 |  790.7 |
       Dungeon |   9659 |   9291 |    368 |   2015 |   4382 |  11 |  878.1 |
        Temple |    145 |    123 |     22 |      0 |    122 |   1 |  145.0 |
        Bailey |    473 |    473 |      0 |    272 |      0 |   1 |  473.0 |
               +--------+--------+--------+--------+--------+-----+--------+

Top non-repeatable levels by time:
     D:6: 1178 daAuts
     D:4: 1100 daAuts
     D:2: 1024 daAuts
    D:11: 992 daAuts
    D:10: 989 daAuts
     D:8: 860 daAuts
     D:5: 813 daAuts
     D:1: 792 daAuts
     D:9: 692 daAuts
     D:3: 650 daAuts
     D:7: 566 daAuts
  Bailey: 473 daAuts
  Temple: 145 daAuts
